 Dungeon Crawl Stone Soup version 0.22.1-2-g9c5b331 (webtiles) character file.

46 Fang the Skirmisher (level 3, -2/24 HPs)
             Began as a Gargoyle Berserker on Dec 12, 2018.
             Was a Believer of Trog.
             Slain by a gnoll
             ... wielding a +0 spear
              (7 damage)
             ... on level 2 of the Dungeon.
             The game lasted 00:00:51 (813 turns).

Fang the Skirmisher (Gargoyle Berserker)             Turns: 813, Time: 00:00:51

Health: -2/24      AC:  5    Str: 21    XL:     3   Next: 66%
Magic:  3/3        EV: 12    Int:  7    God:    Trog [**....]
Gold:   34         SH:  0    Dex:  9    Spells: 2/2 levels left

rFire    . . .     SeeInvis .   a - +0 hand axe
rCold    . . .     Gourm    .   (no shield)
rNeg     + . .     Faith    .   b - +0 animal skin
rPois    ∞         Spirit   .   (no helmet)
rElec    +         Reflect  .   (no cloak)
rCorr    .         Harm     .   (no gloves)
MR       .....                  (no boots)
Stlth    +.........             (no amulet)
HPRegen  0.08/turn              (no ring)
MPRegen  0.08/turn              (no ring)

@: berserk cooldown, slowed, very slow
A: negative energy resistance 1, electricity resistance, unbreathing,
petrification resistance, rot immunity, AC +3
a: Berserk, Trog's Hand, Renounce Religion


You were on level 2 of the Dungeon.
You worshipped Trog.
Trog was pleased with you.
You were hungry.

You visited 1 branch of the dungeon, and saw 2 of its levels.

You collected 34 gold pieces.

Inventory:

Hand Weapons
 a - a +0 hand axe (weapon)
Armour
 b - a +0 animal skin (worn)
Scrolls
 d - a scroll of noise {unknown}
 e - a scroll of identify {unknown}
 f - a scroll of magic mapping {unknown}
 g - a scroll of teleportation {unknown}
 i - a scroll of fog {unknown}
Potions
 h - a potion of lignification {unknown}
Comestibles
 c - 2 rations


   Skills:
 + Level 4.0 Fighting
 + Level 3.2 Axes
 + Level 2.2 Armour
 + Level 2.1 Dodging


You had 2 spell levels left.
You didn't know any spells.
Your spell library was empty.

Dungeon Overview and Level Annotations

Branches:
Dungeon (2/15)

Altars:


Innate Abilities, Weirdness & Mutations

You are resistant to torment.
Your stone body is resilient. (AC +3)
You are immune to poison.
You resist negative energy. (rN+)
You are resistant to electric shocks. (rElec)
You can survive without breathing.
You are immune to petrification.
You are immune to rotting.


Message History

You barely miss the gnoll. The gnoll closely misses you.
You hit the gnoll but do no damage. The gnoll closely misses you.
The gnoll hits you with a spear!
The gnoll sergeant hits you from afar with a spear.
* * * LOW HITPOINT WARNING * * *
The gnoll hits you but does no damage.
You are too injured to fight recklessly!
You are too injured to fight recklessly!
You are too injured to fight recklessly!
You are too injured to fight recklessly!
You are too injured to fight recklessly!
You are too injured to fight recklessly!
You are too injured to fight recklessly!
You are too injured to fight recklessly!
You are too injured to fight recklessly!
You are too injured to fight recklessly!
You are too injured to fight recklessly!
Unknown command.
The gnoll hits you from afar with a spear!
You die...

## #. #. #.
#.########
#.........
#.g.g.....
######..(g.g...
.......@#######
######..#
.#####.)#
........# #
.######.# #.#
#...#...###
#.#<†......
#.#.#....!. .
.(#.#.#..


You could see a gnoll sergeant and 3 gnolls.

Vanquished Creatures
  A gnoll (D:2)
  A dart slug (D:1)
  4 leopard geckos (D:1)
  6 bats (D:1)
  A goblin (D:1)
  7 jackals
  A ball python (D:2)
  2 frilled lizards (D:1)
  2 kobolds (D:1)
  5 rats
30 creatures vanquished.

Notes
Turn   | Place    | Note
-------+----------+-------------------------------------------
     0 | D:1      | Fang the Gargoyle Berserker began the quest for the Orb.
     0 | D:1      | Reached XP level 1. HP: 14/14 MP: 1/1
   114 | D:1      | Reached XP level 2. HP: 16/19 MP: 2/2
   407 | D:1      | Reached XP level 3. HP: 24/24 MP: 3/3
   798 | D:2      | Reached ** piety under Trog
   806 | D:2      | Reached skill level 4 in Fighting
   809 | D:2      | Noticed a gnoll sergeant
   813 | D:2      | Slain by a gnoll

Skill      XL: |  1  2  3 |
---------------+----------+-----
Axes           | 3 |  3.2
Dodging        | 2 |  2.1
Fighting       | 4 |  4.0
Armour         | |  2.2

Action                   || total
-------------------------++-------
Melee: Hand axe          ||    83
Invok: Berserk           ||     1
Armor: Animal skin       ||    41
Dodge: Dodged            ||    69
